 Dungeon Crawl Stone Soup version 0.20-a0-351-gc9b4002 (webtiles) character file.

2296 Duffy the Covert (level 9, -1/68 HPs)
             Began as a Vampire Enchanter on Dec 25, 2016.
             Was an Initiate of Cheibriados.
             Slain by a hornet (3 damage)
             ... on level 9 of the Dungeon.
             The game lasted 00:16:39 (7770 turns).

Duffy the Covert (Vampire Enchanter)                Turns: 7770, Time: 00:16:40

Health: -1/68      AC: 14    Str: 13    XL:     9   Next: 17%
Magic:  23/23      EV: 13    Int: 19    God:    Cheibriados [......]
Gold:   399        SH:  0    Dex: 15    Spells: 7/15 levels left

rFire  + . .     SeeInvis +     y - +1 short sword (elec)
rCold  . . .     Gourm    .     i - +3 ring mail
rNeg   + . .     Faith    .     (no shield)
rPois  +         Spirit   .     L - +2 hat of Least Resistance {Str+2}
rElec  .         Reflect  .     O - +0 cloak
rCorr  .         Harm     .     P - +0 pair of gloves
MR     .....     Clarity  +     l - +2 pair of boots
Stlth  +++....... Rnd*Tele +    (no amulet)
                                D - ring of magical power
                                e - ring of protection from fire

@: lethally poisoned (-1 -> -10), drained, very slow
A: fangs 3, horns 2, molten scales 1, see invisible, clarity, deformed body,
poison resistance, teleportitis 1, wild magic 1, unbreathing
a: Bat Form, Bend Time, Renounce Religion


You were on level 9 of the Dungeon.
You worshipped Cheibriados.
Cheibriados was noncommittal.
You were not thirsty.

You visited 2 branches of the dungeon, and saw 10 of its levels.

You collected 399 gold pieces.

Inventory:

Hand Weapons
 q - a +0 hand axe of freezing
 v - a cursed -3 war axe
 y - a +1 short sword of electrocution (weapon)
 z - a +0 whip of venom
 H - a +1 vampiric short sword
 M - the +7 war axe "Spiderslayer" {chaos, *Slow rC+ Int+6 Dex-2}
   (You found it on level 7 of the Dungeon)

   Each time it hits an enemy it has a different, random effect.
   It affects your intelligence (+6).
   It affects your dexterity (-2).
   It protects you from cold.
   It may slow you when you take damage.
   Cheibriados disapproves of the use of such an item.
Missiles
 A - 2 throwing nets (quivered) {!f}
Armour
 i - a +3 ring mail (worn)
 l - a +2 pair of boots (worn)
 s - a +0 large shield
 E - a +0 plate armour
 L - the +2 hat of Least Resistance (worn) {Str+2}
   (You found it on level 7 of the Dungeon)

   It affects your strength (+2).
 O - a +0 cloak (worn)
 P - a +0 pair of gloves (worn)
Jewellery
 e - a ring of protection from fire (left hand)
 p - an uncursed ring of positive energy
 D - a ring of magical power (right hand)
 F - an uncursed ring of flight
 I - an uncursed amulet of guardian spirit
 N - an uncursed amulet of harm
Wands
 j - a wand of polymorph (24/24)
 J - a wand of acid (8/15)
Scrolls
 a - a scroll of enchant weapon {unknown}
 f - 3 scrolls of teleportation
 h - 3 scrolls of enchant armour
 m - a scroll of magic mapping {unknown}
 n - 2 scrolls of recharging
 o - a scroll of fog {unknown}
 r - a scroll of remove curse
 t - a scroll of immolation {unknown}
 w - a scroll of fear {unknown}
 x - a scroll of blinking {unknown}
Potions
 b - a potion of agility
 d - 6 potions of blood
 g - a potion of brilliance
 k - 3 potions of ambrosia
 u - a potion of might
 B - 3 potions of heal wounds
 C - 3 potions of flight {unknown}
 K - a potion of cure mutation {unknown}
 Q - a potion of lignification {unknown}
 R - a potion of curing {unknown}
Books
 c - a book of Maledictions

   Spells                             Type                      Level
   a - Corona                         Hexes                        1
   b - Ensorcelled Hibernation        Hexes/Ice                    2
   c - Confuse                        Hexes                        3
   d - Tukima's Dance                 Hexes                        3
   e - Dazzling Spray                 Conjuration/Hexes            3
 G - a book of Battle

   Spells                             Type                      Level
   a - Infusion                       Charms                       1
   b - Shroud of Golubria             Charms/Translocation         2
   c - Song of Slaying                Charms                       2
   d - Spectral Weapon                Hexes/Charms                 3
   e - Regeneration                   Charms/Necromancy            3


   Skills:
 + Level 5.2(4.8) Fighting
 - Level 5.0(4.6) Short Blades
 + Level 5.9(5.5) Dodging
 - Level 9.5(9.1) Stealth
 - Level 3.5(3.1) Spellcasting
 - Level 8.8(8.3) Hexes


You had 7 spell levels left.
You knew the following spells:

 Your Spells              Type           Power        Failure   Level  Hunger
a - Ensorcelled Hibernat  Hex/Ice        ###...       17%         2    ##.....
k - Tukima's Dance        Hex            #####...     6%          3    ###....
l - Confuse               Hex            #####...     6%          3    ###....


Dungeon Overview and Level Annotations

Branches:
Dungeon (9/15)             Temple (1/1) D:7
   Lair: D:8-11         Orc: D:9-12

Altars:
Ashenzari
Cheibriados
Dithmenos
Elyvilon
Fedhas
Gozag
Hepliaklqana
Kikubaaqudgha
Makhleb
Nemelex Xobeh
Okawaru
Qazlal
Ru
Sif Muna
Trog
Uskayaw
Vehumet
Xom
Yredelemnul
Zin
The Shining One


Innate Abilities, Weirdness & Mutations

You have razor-sharp teeth.
You have supernaturally acute eyesight. (SInv)
You can survive without breathing.
You have a pair of horns on your head.
You are partially covered in molten scales. (AC +2)
You possess an exceptional clarity of mind.
Armour fits poorly on your strangely shaped body.
Your system is resistant to poisons. (rPois)
You are occasionally teleported next to monsters.
Your spells are a little harder to cast, but a little more powerful.


Message History

You barely miss the hornet.
The hornet is heavily wounded.
You feel sick. The hornet stings you. The hornet stings you!
You are too injured to fight recklessly!
You are too injured to fight recklessly!
You are too injured to fight recklessly!
You hit the hornet but do no damage. You bite the hornet, but do no damage.
The hornet is heavily wounded.
You feel sick. The hornet stings you.
You feel as though you will be slow longer.
The hornet stings you.
You barely miss the hornet.
The hornet is heavily wounded.
You feel sick. The hornet stings you!
The hornet stings you but does no damage.
You hit the hornet but do no damage.
There is a sudden explosion of sparks!
The hornet is severely wounded.
You feel yourself speed up.
You feel sick. The hornet stings you.
You die...

#...##+###...###
#......#...............
#......#...............
#......#...............
#......#...............
#......#...............
#......#...##..####.##.
#.....y#...##..####.##.
#.....@#.........#.....
#......#.........#..<..
#......#...##....#.....
#......#...##....#.....
#......+...##'#######..
#......#...#[.......###
#......###'#........#
#...................#
#..........%........#


You could see a hornet.

Vanquished Creatures
  Duvessa (D:4)
  2 orc warriors
  A sky beast (D:6)
  An ice beast (D:5)
  2 ogres
  3 phantoms
  A centaur (D:8)
  A big kobold (D:4)
  A water moccasin zombie (D:7)
  A water moccasin skeleton (D:5)
  Dowan (D:4)
  A scorpion (D:5)
  2 howler monkeys (D:4)
  A centaur zombie (D:5)
  A crimson imp (D:5)
  A quasit (D:8)
  4 orc priests
  2 centaur skeletons
  4 hounds
  5 orc wizards
  2 iguanas
  4 worker ants
  11 adders
  2 river rats (D:3)
  4 oozes
  An adder zombie (D:5)
  An adder skeleton (D:4)
  2 worms
  A dart slug (D:1)
  6 leopard geckos
  15 orcs
  6 giant cockroaches
  5 goblins
  11 hobgoblins
  13 jackals
  A quokka (D:9)
  A ball python (D:1)
  6 bats
  9 frilled lizards
  12 kobolds
  A quokka skeleton (D:4)
  12 rats
  A plant (D:4)
  A toadstool (D:1)
164 creatures vanquished.

Vanquished Creatures (others)
  3 toadstools (D:1)
3 creatures vanquished.

Grand Total: 167 creatures vanquished

Notes
Turn   | Place    | Note
-------+----------+-------------------------------------------
     0 | D:1      | Duffy the Vampire Enchanter began the quest for the Orb.
     0 | D:1      | Reached XP level 1. HP: 13/13 MP: 3/3
   133 | D:1      | Reached XP level 2. HP: 8/19 MP: 5/5
   179 | D:1      | Learned a level 2 spell: Ensorcelled Hibernation
   240 | D:1      | Reached skill level 5 in Stealth
   833 | D:1      | Reached skill level 2 in Short Blades
   952 | D:2      | Reached XP level 3. HP: 24/24 MP: 6/6
   960 | D:2      | Learned a level 3 spell: Confuse
  1065 | D:2      | Found a blossoming altar of Fedhas.
  1196 | D:2      | Reached skill level 5 in Hexes
  1487 | D:2      | You fall through a shaft!
  1688 | D:2      | Reached XP level 4. HP: 15/30 MP: 1/7
  2000 | D:2      | Found a basalt altar of Yredelemnul.
  2490 | D:3      | Reached skill level 6 in Stealth
  2685 | D:3      | Reached skill level 3 in Short Blades
  2698 | D:3      | Reached XP level 5. HP: 26/35 MP: 0/8
  2905 | D:3      | Found a burning altar of Makhleb.
  3183 | D:3      | Reached skill level 6 in Hexes
  3508 | D:4      | Found a glowing golden altar of the Shining One.
  3535 | D:4      | Noticed a phantom
  3677 | D:4      | Killed a phantom
  3677 | D:4      | Reached skill level 4 in Short Blades
  3677 | D:4      | Reached skill level 7 in Stealth
  3677 | D:4      | Reached XP level 6. HP: 35/41 MP: 0/9
  3775 | D:4      | Reached skill level 7 in Hexes
  3780 | D:4      | Learned a level 3 spell: Tukima's Dance
  4048 | D:4      | Noticed Duvessa
  4048 | D:4      | Noticed Dowan
  4052 | D:4      | Killed Dowan
  4483 | D:4      | Killed Duvessa
  4483 | D:4      | Reached skill level 8 in Stealth
  4483 | D:4      | Reached XP level 7. HP: 46/46 MP: 3/10
  4563 | D:4      | Reached skill level 5 in Short Blades
  4893 | D:4      | Reached skill level 1 in Fighting
  4893 | D:4      | Reached skill level 8 in Hexes
  4962 | D:5      | Entered Level 5 of the Dungeon
  5037 | D:5      | Reached skill level 9 in Stealth
  5052 | D:5      | Reached skill level 2 in Fighting
  5194 | D:5      | Reached XP level 8. HP: 57/57 MP: 2/11
  5459 | D:5      | Reached skill level 3 in Fighting
  5571 | D:5      | Found a shattered altar of Ashenzari.
  5578 | D:5      | Reached skill level 3 in Dodging
  5807 | D:6      | Reached skill level 3 in Spellcasting
  6181 | D:6      | Reached skill level 4 in Fighting
  6181 | D:6      | Reached skill level 4 in Dodging
  6346 | D:7      | Got an ancient hat
  6357 | D:7      | Identified the +2 hat of Least Resistance {Str+2} (You found it on level 7 of the Dungeon)
  6432 | D:7      | Got a twisted war axe
  6677 | D:7      | Found a staircase to the Ecumenical Temple.
  6733 | Temple   | Entered the Ecumenical Temple
  6874 | Temple   | Became a worshipper of Cheibriados the Contemplative
  6902 | Temple   | Identified the +7 war axe "Spiderslayer" {chaos, *Slow rC+ Int+6 Dex-2} (You found it on level 7 of the Dungeon)
  7233 | D:8      | Noticed a two-headed ogre
  7233 | D:8      | Noticed a skeletal warrior
  7235 | D:8      | Noticed a skeletal warrior
  7291 | D:8      | Reached skill level 5 in Dodging
  7368 | D:7      | Reached XP level 9. HP: 53/66 MP: 14/14
  7488 | D:8      | Reached skill level 5 in Fighting
  7630 | D:9      | Gained mutation: You are partially covered in molten scales. (AC +2) [potion of mutation]
  7630 | D:9      | Gained mutation: Your flesh is cold resistant. (rC+) [potion of mutation]
  7630 | D:9      | Gained mutation: You have a pair of small horns on your head. [potion of mutation]
  7631 | D:9      | Gained mutation: You have a pair of horns on your head. [potion of mutation]
  7631 | D:9      | Gained mutation: You possess an exceptional clarity of mind. [potion of mutation]
  7631 | D:9      | Gained mutation: Your spells are a little harder to cast, but a little more powerful. [potion of mutation]
  7632 | D:9      | Gained mutation: Armour fits poorly on your strangely shaped body. [potion of mutation]
  7632 | D:9      | Lost mutation: Your flesh is cold resistant. (rC+) [potion of mutation]
  7632 | D:9      | Gained mutation: Your system is resistant to poisons. (rPois) [potion of mutation]
  7633 | D:9      | Gained mutation: You are occasionally teleported next to monsters. [potion of mutation]
  7769 | D:9      | HP: 3/68 [hornet (13)]
  7770 | D:9      | Slain by a hornet

Vault maps used:
D:1:      ldierk_water_garden, minmay_tripent
D:2:      lemuel_coloured_pillars_altar, fedhas_altar_1
D:3:      old_standard_altar, portal_sewer_entry_e
D:4:      kennysheep_little_box, lexackson_kobold_supper, uniq_duvessa
D:5:      marbit_many_paths, first_bread
D:7:      minivault_19
D:8:      grunt_ogre_cave
Temple:   nicolae_temple_elliptical

Skill      XL: |  1  2  3  4  5  6  7  8  9 |
---------------+----------------------------+-----
Stealth        | 5 6 7 8 9 |  9.5
Short Blades   | 2 3 4 5 |  5.0
Hexes          | 5 6 7 8 |  8.8
Fighting       | 2 4 5 |  5.2
Dodging        | 5 |  5.9
Spellcasting   | 3 |  3.5

Action                   |  1- 3 |  4- 6 |  7- 9 || total
-------------------------+-------+-------+-------++-------
Melee: Dagger            |   144 |   247 |       ||   391
       Bite              |    10 |    21 |    18 ||    49
       Short sword       |       |       |   283 ||   283
       Headbutt          |       |       |     1 ||     1
 Cast: Ensorcelled Hiber |     4 |    14 |    10 ||    28
       Confuse           |       |    16 |     8 ||    24
  Use: Potion            |     3 |    12 |    17 ||    32
       Scroll            |     6 |     5 |     4 ||    15
 Stab: Sleeping          |    16 |    19 |    16 ||    51
       Confused          |       |     4 |     4 ||     8
  Eat: Corpse            |       |     8 |     4 ||    12
Armor: Robe              |     2 |       |       ||     2
       Ring mail         |    44 |   114 |   119 ||   277
Dodge: Dodged            |    66 |   116 |   161 ||   343
